Map: Cosmic Sapphire

Players

PandaBearMe

  • Race: Zerg Zerg
  • Spawn Location: 11:00

JonSnow - Winner!

  • Race: Zerg Zerg
  • Spawn Location: 5:00

Event: DreamHack SC2 Masters 2022 Atlanta (Offline)

VOD

Have the link to the VOD?

Description

Time

  • Played on: Nov. 18, 2022, 1:48 p.m.
  • Length: 6:37

All games in this series

Show
View Real Time Build Order
Export as new Build Order

PandaBearMe Zerg 

Build Orders: Hatch First 

Get SALT Encoding   

  12  0:00  Drone  
  13  0:13  Overlord  
  13  0:18  Drone  
  14  0:31  Drone  
  14  0:32  Drone  
  16  0:48  Hatchery  
  15  0:52  Drone  
  15  0:55  Drone  
  17  0:59  Drone  
  18  1:04  Extractor  
  17  1:16  Spawning Pool  
  16  1:20  Drone  
  16  1:21  Drone  
  18  1:28  Drone  
  19  1:45  Overlord  
  19  2:00  Drone  
  20  2:04  Metabolic Boost, Queen x2  
  20  2:07  Zergling x2  
  25  2:12  Drone x2  
  25  2:15  Drone  
  28  2:25  Baneling Nest, Drone  
  28  2:28  Drone  
  29  2:33  Zergling x2  
  29  2:36  Drone  
  31  2:42  Queen  
  32  2:46  Overlord  
  32  2:49  Drone  
  33  3:03  Lair  
  33  3:05  Drone  
  34  3:06  Drone x3  
  34  3:09  Extractor  
  36  3:16  Overlord  
  36  3:17  Drone x2  
  36  3:18  Zergling x2  
  39  3:24  Drone x2  
  39  3:26  Drone  
  42  3:29  Extractor  
  42  3:30  Extractor  
  42  3:33  Drone  
  42  3:34  Drone  
  42  3:40  Drone  
  42  3:48  Drone x2  
  44  3:53  Drone x5  
  44  3:54  Drone  
  50  3:58  Drone  
  51  4:03  Overlord  
  51  4:14  Spire  
  50  4:17  Spine Crawler  
  50  4:21  Spine Crawler  
  50  4:23  Spine Crawler  
  47  4:24  Zergling x4  
  47  4:25  Zergling x2  
  47  4:28  Drone x2  
  47  4:30  Drone  
  53  4:34  Spine Crawler  
  52  4:38  Spine Crawler  
  52  4:42  Spine Crawler  
  50  4:45  Spine Crawler  
  50  4:50  Drone x2  
  51  4:54  Overlord  
  51  5:00  Drone x2  
  51  5:04  Drone, Overlord  
  53  5:09  Overlord  
  53  5:14  Spine Crawler  
  52  5:25  Mutalisk x3  
  52  5:27  Mutalisk  
  52  5:28  Mutalisk  
  60  5:30  Mutalisk  
  64  5:35  Mutalisk  
  64  5:38  Mutalisk  
  64  5:41  Mutalisk  
  70  5:47  Mutalisk x2  
  73  5:59  Mutalisk x2  
  77  6:04  Mutalisk  
  77  6:05  Zergling x8  
  79  6:12  Zergling x4  
  77  6:18  Zergling x4  
  77  6:19  Zergling x2  
Show
View Real Time Build Order
Export as new Build Order

JonSnow Zerg - Winner!

Build Orders: Hatch First, Roach Nydus 

Get SALT Encoding   

  12  0:03  Drone  
  13  0:12  Overlord  
  13  0:17  Drone  
  14  0:30  Drone x2  
  16  0:48  Hatchery  
  15  0:51  Drone  
  15  0:55  Drone  
  17  1:09  Spawning Pool  
  16  1:12  Drone  
  16  1:14  Extractor  
  16  1:17  Drone  
  17  1:23  Drone  
  18  1:31  Drone  
  19  1:41  Drone  
  20  1:50  Overlord  
  20  1:57  Queen  
  20  2:00  Queen  
  24  2:02  Zergling x2  
  24  2:04  Drone  
  26  2:14  Overlord  
  26  2:16  Drone  
  27  2:23  Drone x2  
  29  2:33  Lair, Drone  
  29  2:35  Drone  
  31  2:41  Queen  
  33  2:45  Drone  
  34  3:00  Evolution Chamber  
  34  3:02  Roach Warren  
  34  3:04  Drone x2  
  34  3:08  Extractor  
  33  3:14  Overlord  
  33  3:16  Drone x3  
  33  3:17  Drone x2  
  37  3:22  Drone  
  37  3:25  Extractor  
  37  3:31  Queen  
  39  3:40  Drone x2  
  39  3:41  Drone x2  
  43  3:42  Zerg Missile Weapons Level 1  
  43  3:46  Glial Reconstitution  
  43  3:49  Overseer  
  43  3:54  Drone x3  
  46  3:58  Overlord  
  46  4:09  Roach x2  
  52  4:10  Roach  
  52  4:17  Overlord  
  52  4:26  Roach x3  
  52  4:27  Roach  
  60  4:34  Nydus Network  
  60  4:35  Queen  
  61  4:39  Roach x2  
  61  4:44  Roach  
  67  4:45  Overlord  
  67  4:52  Overlord  
  67  4:58  Overlord  
  67  5:04  Roach x4  
  75  5:15  Roach x4  
  75  5:20  Roach  
  75  5:21  Roach  
  87  5:29  Nydus Canal  
  87  5:33  Ravager, Overlord  
  87  5:34  Queen  
  90  5:41  Queen  
  92  5:54  Roach x5  
  96  6:03  Nydus Canal  
  78  6:14  Roach x2  
Tags
 
Add a new tag
Caveats
  • Supply blocks, unpowered buildings, or Contaminate may cause inaccurate times.
  • Supply counts are checked every 10 seconds.